 Dungeon Crawl Stone Soup version 0.29.1-15-g9cfb28693d (webtiles) character file.

Game seed: 15120929859386865475

10623 Selderis the Protected (level 11, -20/73 HPs)
             Began as a Gargoyle Fighter on Mar 2, 2023.
             Was a Priest of the Shining One.
             Demolished by a death yak (21 damage)
             ... on level 10 of the Dungeon.
             The game lasted 00:31:40 (15472 turns).

Selderis the Protected (Gargoyle Fighter)          Turns: 15472, Time: 00:31:41

Health: -20/73     AC: 19    Str: 23    XL:     11   Next: 65%
Magic:  13/13      EV: 16    Int: 10    God:    the Shining One [***...]
Gold:   708        SH:  9    Dex:  9    Spells: 10/10 levels left

rFire   . . .      SeeInvis .   B - +5 mace
rCold   . . .      Faith    .   c - +0 buckler
rNeg    + + .      Spirit   .   m - +0 ring mail {Will+}
rPois   ∞          Reflect  +   r - +1 helmet
rElec   +          Harm     .   (no cloak)
rCorr   .          Rampage  .   f - +0 pair of gloves
Will    +....                   (no boots)
Stlth   ..........              D - amulet of reflection
HPRegen 0.22/turn               i - +4 ring of evasion
MPRegen 0.13/turn               (no ring)

@: glowing, studying Ranged Weapons
A: sickness immunity, AC +8, negative energy resistance 1, electricity
resistance, torment resistance 1, petrification resistance
a: Renounce Religion, Divine Shield, Cleansing Flame


You were on level 10 of the Dungeon.
You worshipped the Shining One.
The Shining One was most pleased with you.
You visited 2 branches of the dungeon, and saw 12 of its levels.

You collected 708 gold pieces.

Inventory:

Hand Weapons
 g - a +1 vorpal whip
 B - a +5 mace (weapon)
Armour
 c - a +0 buckler (worn)
 f - a +0 pair of gloves (worn)
 m - a +0 ring mail of willpower (worn)
 r - a +1 helmet (worn)
 v - a +0 plate armour
Jewellery
 i - a +4 ring of evasion (left hand)
 y - an amulet of magic regeneration
 D - an amulet of reflection (around neck)
 G - a +4 ring of evasion
 H - an amulet of guardian spirit
 I - an amulet of faith
Wands
 b - a wand of mindburst (6)
 d - a wand of flame (76)
 k - a wand of paralysis (33)
 o - a wand of digging (5)
 q - a wand of quicksilver (16)
Scrolls
 a - 2 scrolls of teleportation
 e - 3 scrolls of blinking
 w - 4 scrolls of magic mapping
 x - a scroll of summoning
 E - 3 scrolls of identify
 F - a scroll of amnesia
Potions
 h - 4 potions of curing
 j - a potion of magic
 l - 2 potions of cancellation
 n - 2 potions of ambrosia
 p - 2 potions of brilliance
 s - a potion of flight
 t - a potion of invisibility
 u - a potion of mutation
 z - a potion of berserk rage
 A - a potion of degeneration
 C - 2 potions of haste


   Skills:
 + Level 10.5 Fighting
 - Level 8.6 Maces & Flails
 + Level 10.5 Armour
 + Level 7.3 Dodging
 - Level 4.0 Shields
 + Level 3.6 Invocations


You had 10 spell levels left.
You didn't know any spells.
Your spell library contained the following spells:

 Spells                   Type           Power      Damage    Failure   Level
 Magic Dart               Conj           0%         1d3       56%         1
 Blink                    Tloc           0%         N/A       71%         2
 Call Imp                 Summ           0%         N/A       71%         2
 Scorch                   Fire           0%         2d5       71%         2
 Static Discharge         Conj/Air       0%         3-3/arc   71%         2
 Wereblood                Tmut           0%         N/A       71%         2
 Dazzling Flash           Conj/Hex       0%         N/A       91%         3
 Frozen Ramparts          Ice            0%         1d1       91%         3
 Lesser Beckoning         Tloc           0%         N/A       91%         3
 Mephitic Cloud           Conj/Pois/Air  0%         N/A       91%         3
 Summon Guardian Golem    Hex/Summ       0%         N/A       91%         3
 Dispel Undead            Necr           0%         3d6       100%        4
 Flame Wave               Conj/Fire      0%         2d4       100%        4
 Ice Form                 Ice/Tmut       0%         N/A       100%        4
 Iskenderun's Mystic Bla  Conj/Tloc      0%         2d3       100%        4
 Olgreb's Toxic Radiance  Pois           0%         N/A       100%        4
 Sticky Flame             Conj/Fire      0%         2d3       100%        4
 Summon Ice Beast         Ice/Summ       0%         N/A       100%        4
 Manifold Assault         Tloc           0%         N/A       100%        5
 Starburst                Conj/Fire      0%         6d3       100%        6
 Summon Cactus Giant      Summ           0%         N/A       100%        6
 Orb of Destruction       Conj           0%         9d5       100%        7
 Ozocubu's Refrigeration  Ice            0%         4d7       100%        7
 Spellforged Servitor     Conj/Summ      0%         N/A       100%        7
 Summon Hydra             Summ           0%         N/A       100%        7
 Ignition                 Fire           0%         3d3       100%        8
 Sublimation of Blood     Necr           Unusable   N/A       N/A         2

Dungeon Overview and Level Annotations

Branches:
Dungeon (11/15)            Temple (1/1) D:7             Orc (0/2) D:10
   Lair: D:8-11

Altars:
Ashenzari
Cheibriados
Dithmenos
Elyvilon
Fedhas
Gozag
Hepliaklqana
Kikubaaqudgha
Makhleb
Nemelex Xobeh
Okawaru
Qazlal
Ru
Sif Muna
Trog
Uskayaw
Vehumet
Wu Jian
Xom
Yredelemnul
Zin
The Shining One

Shops:
D:1 ?!!

Annotations:
D:7 2 transporters, exclusion: ice statue, ShinQuickMan's ghost, novice DESu
D:11 Gastronok


Innate Abilities, Weirdness & Mutations

You are immune to sickness and miasma.
Your stone body is resilient. (AC +8)
You are immune to poison.
You resist negative energy. (rN+)
You are resistant to electric shocks. (rElec)
You are resistant to unholy torment.
You are immune to petrification.


Message History

You sock the death yak!
The death yak is moderately wounded.
The death yak gores you but does no damage.
You hit the death yak.
The death yak is heavily wounded.
The death yak gores you!
You hit the death yak.
The death yak is heavily wounded.
You block the death yak's attack.
You hit the death yak.
The death yak is heavily wounded.
The death yak gores you.
You hit the death yak.
The death yak is heavily wounded.
You block the death yak's attack.
You hit the death yak but do no damage.
The death yak is heavily wounded.
The death yak gores you.
You hit the death yak but do no damage.
The death yak is heavily wounded.
The death yak misses you.
You sock the death yak!
The death yak is severely wounded.
The death yak gores you!
* * * LOW HITPOINT WARNING * * *
You hit the death yak but do no damage.
The death yak is severely wounded.
You block the death yak's attack.
You hit the death yak.
The death yak is severely wounded.
The death yak gores you!
* * * LOW HITPOINT WARNING * * *
You sock the death yak!
The death yak is severely wounded.
The death yak gores you!
* * * LOW HITPOINT WARNING * * *
You sock the death yak!
The death yak is almost dead.
The death yak gores you!!
You die...

...........# ##########.# # #.# #
#.# ############ # #.#
#..........# # # #.# #.########.#
# # #.# #.#......#'###### #
#######.######.#.####.......##
####.....#......@.#.#..#.......##
...'.....'......Y...#..#.......##
####....>######...#.#..#.#.######
#.....# #...#...<..........
#.....# #...#.#.##.#.....##
####### #...#.#....#.....'.
#...#.######.....#. #...#.###
#.....#. #.......# #.....#.


You could see a death yak.

Vanquished Creatures
  A two-headed ogre (D:8)
  A death knight (D:9)
  A death yak (D:10)
  2 gargoyles
  A troll (D:8)
  Grinder (D:6)
  Prince Ribbit (D:8)
  Sigmund (D:4)
  2 shadows (D:10)
  A vampire (D:11)
  3 yaks (D:10)
  Eustachio (D:5)
  3 vampire mosquitoes (D:10)
  Menkaure (D:4)
  2 water moccasins
  3 acid dragons (D:10)
  A black bear (D:6)
  2 sky beasts
  An orc warrior (D:9)
  An ice beast (D:8)
  A centaur (D:9)
  An ogre (D:6)
  4 phantoms
  4 kobold brigands
  5 bullfrogs
  Blork the orc (D:4)
  A gnoll sergeant (D:4)
  4 scorpions
  7 wights
  2 troll zombies (D:10)
  42 killer bees
  5 electric eels
  6 howler monkeys
  A jelly (D:5)
  3 orc priests
  7 hounds
  A gnoll bouda (D:4)
  Ijyb (D:2)
  Terence (D:3)
  6 iguanas
  7 orc wizards
  6 ogre zombies (D:10)
  Robin (D:3)
  7 adders
  2 white imps
  An ufetubus (D:6)
  A worm (D:3)
  3 dart slugs
  18 orcs
  10 endoplasms
  2 giant cockroaches
  8 hobgoblins
  3 jackals (D:2)
  23 kobolds
  4 quokkas
  9 ball pythons
  9 bats
  4 frilled lizards
  20 goblins
  A goblin skeleton (D:10)
  3 goblin zombies (D:10)
  A hobgoblin zombie (D:10)
  5 orc skeletons (D:10)
  14 orc zombies (D:10)
  5 rats
300 creatures vanquished.

Vanquished Creatures (others)
  2 fungi (D:7)
  4 plants (D:7)
6 creatures vanquished.

Grand Total: 306 creatures vanquished

Notes
Turn   | Place    | Note
-------+----------+-------------------------------------------
     0 | D:1      | Selderis the Gargoyle Fighter began the quest for the Orb.
     0 | D:1      | Reached XP level 1. HP: 14/14 MP: 1/1
   296 | D:1      | Found Utott's Magic Scroll Emporium.
   313 | D:1      | Reached XP level 2. HP: 19/19 MP: 2/2
   375 | D:1      | Found Teojim's Distillery.
   423 | D:1      | Found Uxonemp's Distillery.
   589 | D:1      | Reached XP level 3. HP: 23/23 MP: 3/3
  1107 | D:2      | Found a faded altar of an unknown god.
  1355 | D:2      | Reached XP level 4. HP: 29/29 MP: 4/4
  1809 | D:3      | Noticed Ijyb
  2104 | D:2      | Killed Ijyb
  2105 | D:2      | Reached XP level 5. HP: 11/33 MP: 5/5
  2914 | D:3      | Identified the +9 spear of Gozag's Condemnation {elec,
                  | rPois Stlth+}
  3045 | D:3      | Found a shimmering blue altar of Sif Muna.
  3082 | D:3      | Noticed Robin
  3104 | D:3      | Killed Robin
  3105 | D:3      | Reached skill level 1 in Dodging
  3345 | D:3      | Noticed Terence
  3366 | D:3      | Killed Terence
  3678 | D:4      | Reached XP level 6. HP: 34/39 MP: 6/6
  3782 | D:4      | Noticed Sigmund
  3810 | D:4      | Killed Sigmund
  3811 | D:4      | Reached skill level 5 in Fighting
  3811 | D:4      | Reached skill level 5 in Armour
  3811 | D:4      | Reached XP level 7. HP: 15/44 MP: 7/7
  4383 | D:4      | Noticed Menkaure
  4395 | D:4      | HP: 2/44 [Menkaure (16)]
  4398 | D:4      | Killed Menkaure
  4930 | D:4      | Noticed Blork the orc
  4949 | D:4      | Killed Blork the orc
  4999 | D:4      | Found a broken altar of Ashenzari.
  5088 | D:4      | Found a sacrificial altar of Ru.
  5295 | D:5      | Entered Level 5 of the Dungeon
  5314 | D:5      | Reached XP level 8. HP: 51/51 MP: 8/8
  5538 | D:5      | Found a basalt altar of Yredelemnul.
  5554 | D:5      | Identified the +8 falchion of Wifoid {drain, rF+ Will-
                  | Dex+6 SInv}
  5849 | D:5      | Reached skill level 5 in Maces & Flails
  5957 | D:5      | Found a bloodstained altar of Trog.
  5957 | D:5      | Found an iron altar of Okawaru.
  6258 | D:6      | Noticed Grinder
  6260 | D:6      | Paralysed by Grinder for 4 turns
  6282 | D:6      | Killed Grinder
  6446 | D:5      | Reached XP level 9. HP: 54/56 MP: 9/9
  6531 | D:6      | Noticed Eustachio
  6759 | D:5      | Killed Eustachio
  7167 | D:6      | Found an opulent altar of Gozag.
  7398 | D:7      | Found a staircase to the Ecumenical Temple.
  7407 | Temple   | Entered the Ecumenical Temple
  7912 | D:7      | Found a stormy altar of Qazlal.
  8273 | D:7      | Found a radiant altar of Vehumet.
  8281 | D:7      | Reached skill level 5 in Dodging
  8455 | D:7      | Found a blossoming altar of Fedhas.
  8551 | D:7      | Found a shimmering altar of Xom.
  8552 | D:7      | Found a white marble altar of Elyvilon.
  8638 | D:7      | Found a transporter.
  8642 | D:7      | Found a transporter.
  8642 | D:7      | Noticed a hornet
  8642 | D:7      | Noticed ShinQuickMan's ghost (novice DESu)
  8642 | D:7      | Noticed a queen bee
  8643 | D:7      | Identified the +8 dagger of Dissent {drain, rElec rN+}
  8656 | D:7      | Noticed an ice statue
  8866 | D:8      | Noticed Prince Ribbit
  8873 | D:8      | Killed Prince Ribbit
  8874 | D:8      | Reached XP level 10. HP: 64/64 MP: 10/10
  8896 | D:8      | You fall into a shaft and drop 2 floors!
  8896 | D:10     | Entered Level 10 of the Dungeon
  9202 | D:9      | Found a hide-covered altar of Uskayaw.
  9818 | D:8      | Noticed a two-headed ogre
 10067 | D:8      | Killed a two-headed ogre
 10449 | D:8      | Identified the +7 quarterstaff "Kius Duh" {elec, Fly}
 10620 | D:8      | Found a glowing golden altar of the Shining One.
 10628 | D:8      | Became a worshipper of the Shining One
 11083 | D:9      | Noticed a death knight
 11113 | D:9      | Killed a death knight
 11439 | D:9      | Reached XP level 11. HP: 63/71 MP: 11/11
 11638 | D:8      | HP: 2/71 [troll (11)]
 11649 | D:8      | HP: 2/71 [troll (4)]
 12397 | D:10     | Reached skill level 1 in Invocations
 12740 | D:10     | Reached skill level 10 in Armour
 13093 | D:10     | HP: 1/72 [acid dragon/splash of acid (13)]
 13097 | D:10     | Reached skill level 10 in Fighting
 13098 | D:10     | Reached * piety under the Shining One
 13280 | D:10     | Reached ** piety under the Shining One
 13774 | D:10     | Reached *** piety under the Shining One
 13778 | D:10     | Found a staircase to the Orcish Mines.
 14453 | D:11     | Noticed a death yak
 14454 | D:11     | Noticed a death yak
 14504 | D:10     | Killed a death yak
 14725 | D:10     | The Shining One protects you from harm!
 15155 | D:11     | Noticed Gastronok
 15431 | D:11     | Noticed a death yak
 15432 | D:11     | Noticed a death yak
 15432 | D:11     | Noticed a death yak
 15432 | D:11     | Noticed a death yak
 15432 | D:11     | Noticed a death yak
 15471 | D:10     | HP: 1/73 [death yak (10)]
 15472 | D:10     | Demolished by a death yak

Illustrated notes

Levels and vault maps discovered:
D:1:      lightli_arrival_farm, layout_basic, serial_shops, shop, shop, shop,
          serial_glass, glass_columns_b, glass_columns_b, glass_columns_b,
          glass_columns_a
D:2:      layout_loops_ring, ebering_ecumenical_altar_hall,
          chequers_serial_rivers_marsh
D:3:      layout_loops_ring, mainiacjoe_overflow_six_doors_small, uniq_terence,
          uniq_robin, uniq_ijyb
D:4:      layout_basic, mainiacjoe_overflow_alcove_4,
          mainiacjoe_overflow_alcove_2, minmay_manual_maat, uniq_blork_the_orc,
          uniq_sigmund, uniq_menkaure
D:5:      layout_loops_cross, grunt_temple_overflow_bloody_war,
          mainiacjoe_overflow_catwalk
D:6:      layout_cave_pools, grunt_gozag_statues, minivault_22, minivault_22,
          uniq_eustachio, uniq_grinder
D:7:      lemuel_ice_statue, layout_rooms,
          grunt_temple_overflow_forces_of_nature, vehumet_altar_wand_db,
          nicolae_overflow_squiral, minmay_temple_entry_gardened_gates,
          gammafunk_ghost_hive, nrook_campfire, hangedman_decor_diamond_cutter,
          grunt_ministairs_7
D:8:      wad_woods_minihive, layout_loops_corners,
          mainiacjoe_overflow_tiny_flanked, uniq_prince_ribbit1
D:9:      layout_small_grid, lemuel_tele_altar, st_stairs_10
D:10:     layout_basic, zombieorc2_lemuel, minmay_misc_feat_square
D:11:     layout_loops_ring, dpeg_lair_monsters, uniq_gastronok
Temple:   hellmonk_temple_forest_ring

Skill      XL: |  1  2  3  4  5  6  7  8  9 10 11 |
---------------+----------------------------------+-----
Armour         | 4 5 6 7 8 9 10 | 10.5
Fighting       | 4 5 6 8 9 10 | 10.5
Shields        | 4 |  4.0
Maces & Flails | 3 4 5 7 8 |  8.6
Dodging        | 1 2 4 5 6 7 |  7.3
Invocations    | 3 |  3.6

Action                   |  1- 3 |  4- 6 |  7- 9 | 10-12 || total
-------------------------+-------+-------+-------+-------++-------
Melee: Flail             |    29 |       |       |       ||    29
       Whip              |   114 |   199 |   226 |       ||   539
       Mace              |       |       |   226 |   698 ||   924
  Use: Scroll            |     3 |     5 |    10 |     6 ||    24
       Potion            |       |     2 |     2 |     7 ||    11
Armor: Scale mail        |    66 |    37 |       |       ||   103
       Ring mail         |       |    23 |   185 |   208 ||   416
       Skin              |       |       |       |     2 ||     2
Dodge: Dodged            |    78 |   108 |   355 |   539 ||  1080
Block: Buckler           |    35 |    40 |   122 |   395 ||   592
       Reflection        |       |       |       |     6 ||     6
